[Event "35th Staufer-Open-A 2025"]
[Site "Schwaebisch Gmuend"]
[Date "2025.01.05"]
[Round "7.13"]
[White "Senthil Maran K"]
[Black "Burian, Simon"]
[Result "1-0"]
[ECO "A43"]
[WhiteElo "2398"]
[BlackElo "2186"]
[Annotator "TA"]
[PlyCount "95"]
[EventDate "2024.11.24"]
[EventType "swiss"]
[EventCountry "GER"]
[SourceTitle "playchess.com"]
[Source "ChessBase"]
[SourceQuality "1"]
[TimeControl "40/6000+30:1200+30"]

1. d4 Nf6 2. Nf3 c5 3. d5 b5 4. e4 Nxe4 5. Bd3 Nf6 (5... Qa5+ $1 $11 6. Nfd2 Nf6) 6. Bxb5 $14 Qb6 ({Black should play} 6... g6 $14) 7. Nc3 {[%emt 0:04:21] Strongly threatening Ne5.} e6 8. O-O {[%emt 0:05:12] White is better.} Be7 9. Ne5 Ba6 {[%emt 0:18:26] Black is weak on the light squares} 10. a4 {[%emt 0:05:02] White has more active pieces.} Qc7 {[%emt 0:26:11] This move loses the game for Black.} (10... O-O $16 11. Nc4 Qb7) 11. Nc4 $18 {[%emt 0:16:56] And now d6 would win.} exd5 12. Ne3 ({Don't play} 12. Nxd5 $6 Nxd5 13. Bxa6 (13. Qxd5 Bb7 $16) 13... Nxa6 $16) 12... Bb7 {[%emt 0:05:19] [#]} 13. Nexd5 (13. Nf5 $1 $18 {is the precise move to win.}) 13... Nxd5 $16 14. Nxd5 Bxd5 15. Qxd5 Nc6 16. g3 O-O {[%emt 0:01:53] [#]} 17. Bf4 $1 Qb7 (17... Qc8 $142 18. Rad1 Nd4) 18. Rae1 {[%emt 0:00:41] Black must now prevent Rxe7.} Rae8 19. b3 a6 20. Bxc6 dxc6 21. Qc4 Rd8 22. Re4 Rd7 23. Rfe1 h6 24. Be3 Qb4 25. Qxb4 cxb4 26. Bxh6 gxh6 (26... Bc5 {was called for.}) 27. Rxe7 $18 {[%emt 0:00:09][%mdl 4096] Endgame. KRR-KRR} Rd2 28. R1e2 Rfd8 29. Kf1 R8d5 30. Rxd2 Rxd2 {[%emt 0:00:05] KR-KR} 31. Re2 Rd5 (31... Rd1+ $142 32. Re1 Rd2) 32. Re4 a5 33. Rc4 c5 34. Ke2 Kf8 35. Re4 Rh5 36. h4 Rd5 37. f4 Rd6 38. Re5 {[%emt 0:00:31] White is clearly winning.} Rc6 39. Kd3 Rd6+ 40. Ke4 (40. Kc4 Rg6 41. Rxc5 (41. Kxc5 Rxg3 42. Kb6 Rc3 $18) 41... Rxg3 42. Rxa5 Rc3+ 43. Kxb4 Rxc2) 40... c4 41. Rxa5 Rd2 42. bxc4 Rxc2 43. Kd4 Rd2+ (43... Ra2 $142 44. c5 Rb2) 44. Kc5 b3 45. Rb5 b2 46. a5 Rg2 47. a6 {[%emt 0:00:00] White threatens a7 and mate.} Rxg3 48. Rxb2 {[%emt 0:00:11] Weighted Error Value: White=0.12 (very precise) /Black=0.30.  Mistake:       	White=1     	Black=6      Inaccurate:     	White=1     	Black=3      OK:         	White=22    	Black=11     Best:        	White=2     	Black=2} 1-0

[Event "35th Staufer-Open-A 2025"]
[Site "Schwaebisch Gmuend"]
[Date "2025.01.05"]
[Round "7.14"]
[White "Vuckovic, Zarko"]
[Black "Poysti, Nathanael"]
[Result "1-0"]
[ECO "B10"]
[WhiteElo "2344"]
[BlackElo "2185"]
[Annotator "TA"]
[PlyCount "79"]
[EventDate "2024.11.24"]
[EventType "swiss"]
[EventCountry "GER"]
[SourceTitle "playchess.com"]
[Source "ChessBase"]
[SourceQuality "1"]
[TimeControl "40/6000+30:1200+30"]

1. e4 c6 2. Nf3 d5 3. d3 dxe4 4. dxe4 Qxd1+ 5. Kxd1 Nf6 6. Nfd2 h5 7. h4 Be6 8. f3 {[%emt 0:00:19] The position is equal.} Nfd7 9. Nb3 f6 10. c3 Bf7 11. Kc2 e5 12. Be3 Kd8 13. N1d2 Kc7 14. a4 Na6 15. a5 Nac5 16. Nc1 Ne6 17. b4 Be7 18. Nd3 g5 (18... Rhc8 $14 {might be stronger.}) 19. g3 Rhg8 20. Bh3 (20. hxg5 $16 fxg5 21. Bh3) 20... gxh4 $14 21. gxh4 Bd6 (21... c5 $14) 22. Rag1 {[%emt 0:06:44] White is more active.} a6 23. c4 Rxg1 24. Rxg1 Rg8 25. Rxg8 Bxg8 26. c5 Be7 27. Nf1 Ndf8 28. f4 exf4 29. Nxf4 ({Much less strong is} 29. Bxf4+ $6 Kd8 $16) 29... Nxf4 30. Bxf4+ Kd8 31. Ne3 Ne6 32. Bg3 Nd4+ 33. Kd3 Be6 {[%emt 0:00:05] [#]} (33... Ne6 $16) 34. Bg2 $1 $18 Nb3 (34... Nb5 35. Bf3 Bf7) 35. Bf3 Nc1+ 36. Kc2 {[%emt 0:01:30] White is clearly winning.} Na2 37. Be1 ({Less strong is} 37. Bxh5 Nxb4+ 38. Kd2 Bxc5 $11) 37... Bf7 38. Nf5 Kd7 39. Kb2 Bf8 40. Bd2 {[%emt 0:02:17] Weighted Error Value: White=0.08 (flawless) /Black=0.23 (precise) .  Mistake:       	White=1     	Black=4      Inaccurate:     	White=2     	Black=4      OK:         	White=14    	Black=7      Best:        	White=2     	Black=2} 1-0

[Event "35th Staufer-Open-A 2025"]
[Site "Schwaebisch Gmuend"]
[Date "2025.01.05"]
[Round "7.16"]
[White "Ehmann, Thilo"]
[Black "Albrecht, Neil"]
[Result "1-0"]
[ECO "C97"]
[WhiteElo "2335"]
[BlackElo "2055"]
[Annotator "TA"]
[PlyCount "99"]
[EventDate "2024.11.24"]
[EventType "swiss"]
[EventCountry "GER"]
[SourceTitle "playchess.com"]
[Source "ChessBase"]
[SourceQuality "1"]
[TimeControl "40/6000+30:1200+30"]

1. e4 e5 2. Nf3 Nc6 3. Bb5 a6 4. Ba4 Nf6 5. d3 b5 6. Bb3 Be7 7. O-O O-O 8. Re1 d6 9. Bd2 Bg4 10. c3 Na5 11. Bc2 c5 12. h3 Be6 13. d4 Nc4 14. Bc1 Qc7 15. d5 Bc8 16. b3 Nb6 17. Nbd2 a5 18. a4 bxa4 19. bxa4 g6 20. Nf1 Nh5 21. Bh6 Re8 22. h4 Bf8 23. Bc1 Bg7 24. g3 Rf8 25. N3h2 Nf6 26. Ne3 h5 27. Kh1 Qd7 28. f3 Ba6 29. Rg1 Kh8 30. g4 Rab8 31. Ra2 Nc8 32. Nef1 Bc4 33. Ra1 Ne7 34. Ng3 (34. Ne3 $16 Ba6 35. Rg2) 34... hxg4 $11 35. fxg4 {[%emt 0:00:21] [#]} ({Better is} 35. Nxg4 $11 Nh7 36. Kh2) 35... Nexd5 $1 $15 36. g5 (36. exd5 Bxd5+) 36... Nxc3 37. Qe1 {[%emt 0:03:20] [#]} (37. Qf3 Nfxe4 38. Nxe4 Nxe4 39. Bxe4 d5 $17) 37... Nfxe4 38. Nxe4 $11 Nxe4 ({Much weaker is} 38... Ne2 $6 39. h5 Qh3 (39... gxh5 $2 {perishes.} 40. Qh4 $18) (39... Nxg1 $2 40. Kxg1 Qh3 41. h6 $18) 40. h6 $16) 39. Bxe4 d5 40. Bg2 $1 e4 {[%emt 0:02:07][%mdl 1024] Black has compensation. White is weak on the light squares} 41. Ra3 Bd3 (41... Rb1 {is more complex.} 42. h5 Bd4 43. Qh4 Kg7) 42. h5 Rb1 $2 (42... gxh5 $11 43. Qh4 Qf5) 43. Qh4 $1 $18 Kg8 44. Ng4 $1 Qf5 45. Ra2 $1 {[%emt 0:00:00] Strongly threatening Rf2. Prevents Be2} gxh5 {[%emt 0:00:00] [#]} 46. Nf6+ $1 Bxf6 47. gxf6 {[%emt 0:00:00] Threatening mate with Bf1+.} Kh8 $2 {[%emt 0:00:00] [#]} (47... Rxc1 $18 48. Rxc1 Kh7 49. Rxc5 (49. Rf2 Qg4 $18) 49... Rg8) 48. Bh3 $1 Qf3+ 49. Kh2 Rb6 50. Rf2 1-0

[Event "35th Staufer-Open-A 2025"]
[Site "Schwaebisch Gmuend"]
[Date "2025.01.05"]
[Round "7.17"]
[White "Smolny, Frieder"]
[Black "Boder, Jan"]
[Result "0-1"]
[ECO "C36"]
[WhiteElo "2114"]
[BlackElo "2324"]
[Annotator "TA"]
[PlyCount "70"]
[EventDate "2024.11.24"]
[EventType "swiss"]
[EventCountry "GER"]
[SourceTitle "playchess.com"]
[Source "ChessBase"]
[SourceQuality "1"]
[TimeControl "40/6000+30:1200+30"]

1. e4 e5 2. f4 d5 3. exd5 exf4 4. Nf3 Nf6 5. Bb5+ Bd7 6. Bc4 Qe7+ 7. Kf1 Bg4 8. d4 g5 9. Nc3 Nbd7 10. Qd3 $1 Bxf3 11. gxf3 O-O-O 12. Bd2 {[%emt 0:05:07] And now Re1 would win.} Nb6 $1 13. Re1 (13. Qf5+ $11 Qd7 14. Qxd7+ (14. Qxf6 $2 Nxc4 15. Qxh8 Qh3+ 16. Kf2 Nxd2 $19) 14... Nfxd7 (14... Rxd7 15. Bd3 $14) 15. Bb3) 13... Qd7 $15 14. Re5 $2 (14. h4 $15 Nxc4 (14... Nbxd5 15. Nxd5 Nxd5 16. hxg5 $16) 15. Qxc4) 14... Bd6 15. Re2 Qh3+ 16. Ke1 Nxc4 17. Qxc4 Qxf3 18. Rf1 Qg4 19. Nb5 a6 20. Nxd6+ Rxd6 21. Bb4 Rd7 22. d6 Re8 23. Rff2 (23. Rxe8+ $142 Nxe8 24. dxc7) 23... f3 24. Rxe8+ Nxe8 25. Qd3 Nxd6 (25... cxd6 26. Qxf3 Re7+ (26... Qxd4 $2 27. Bc3 $19) 27. Kf1 Qxd4 28. Qc3+ Qxc3 29. Bxc3 $19) 26. Rxf3 Ne4 27. d5 {[%emt 0:01:32] [#]} (27. Bc3 $142) 27... Rxd5 $3 $19 28. Qxd5 Qxf3 {[%emt 0:00:04][%mdl 4096] Endgame KQB-KQN. Black is two pawns up.} 29. c4 Qe3+ 30. Kd1 Nf2+ ({Not} 30... Qf3+ 31. Kc2 $17) 31. Kc2 Qe2+ 32. Bd2 $2 (32. Kb3 Qd3+ 33. Qxd3 Nxd3 34. Be7) 32... Ne4 33. Qxf7 Qxd2+ 34. Kb3 Nc5+ 35. Ka3 Qa5# 0-1

[Event "35th Staufer-Open-A 2025"]
[Site "Schwaebisch Gmuend"]
[Date "2025.01.05"]
[Round "7.18"]
[White "Willim, Michael"]
[Black "Skembris, Spyridon"]
[Result "0-1"]
[ECO "E91"]
[WhiteElo "2019"]
[BlackElo "2264"]
[Annotator "TA"]
[PlyCount "144"]
[EventDate "2024.11.24"]
[EventType "swiss"]
[EventCountry "GER"]
[SourceTitle "playchess.com"]
[Source "ChessBase"]
[SourceQuality "1"]
[TimeControl "40/6000+30:1200+30"]

1. d4 Nf6 2. c4 c5 3. d5 g6 4. Nc3 Bg7 5. e4 d6 6. Nf3 O-O 7. Be2 e6 8. O-O exd5 9. exd5 a6 10. a4 Bg4 11. Re1 Re8 12. Nd2 Bxe2 13. Rxe2 Nbd7 14. Nf3 Qb6 15. a5 Qc7 16. h3 Rxe2 17. Qxe2 Re8 18. Qc2 h6 19. Bf4 Kh7 20. g4 Re7 21. Kg2 Ne8 22. Qd2 Ndf6 23. Qc2 Ng8 24. Qd2 Nef6 25. Qc2 Nd7 26. Bg3 (26. Ne4 $16 Ne5 27. Ra3) 26... Ne5 27. Nd2 Nf6 28. Bh4 (28. Re1 $16) 28... Re8 (28... Kg8 $11 {keeps the balance.}) 29. Nce4 Ned7 (29... Nxe4 $14 30. Nxe4 b6) 30. Nc3 (30. Bg3 $16 Nxe4 31. Nxe4) 30... Kg8 (30... Ne5 $1 $11) 31. Ra3 $16 Nh7 32. Nf3 Ne5 33. Nd2 Nd7 $1 34. Nf3 (34. Nce4 $16) 34... Nhf6 (34... Ne5 $11) 35. Bg3 Kh7 36. Rb3 Kg8 37. Kh2 h5 (37... Re7 $14) 38. g5 $16 Nh7 (38... h4 $16 39. Nxh4 (39. Bxh4 Nh5 $16) 39... Nh5) 39. Ne4 $18 Ne5 40. Nfd2 Bf8 41. Rb6 Nd7 42. Rb3 (42. Bxd6 $6 Bxd6+ 43. Rxd6 Nxg5 $11) (42. Nxd6 $16 Bxd6 43. Bxd6 (43. Rxd6 Ne5 $16)) 42... Ne5 $1 $18 43. Kg2 Nd7 44. h4 Rb8 45. Re3 b5 46. axb6 Rxb6 47. Rb3 Rxb3 48. Qxb3 f5 49. gxf6 Ndxf6 50. Qf3 (50. Qd3 $18) 50... Ng4 $2 (50... Ne8 $16) 51. Qf4 Qd7 $2 (51... Ne5 52. Qe3 Bg7) 52. Nxd6 $18 Bh6 53. Qe4 $1 Bxd2 (53... Nf8 $18 54. Nb3 Qa7) 54. Qxg6+ Qg7 55. Qe8+ $2 (55. Qxh5 Nhf6 56. Qf5 Kh8 $11) (55. Qe6+ $18 Kh8 56. Nf7+ Qxf7 57. Qxf7) 55... Nf8 $14 56. Qxh5 Nh6 57. Ne4 Bf4 {[%emt 0:01:20] [#]} 58. d6 ({Much worse is} 58. Nxc5 Bxg3 59. fxg3 Qxb2+ 60. Kh3 Qb1 61. Qxh6 Qf1+ 62. Kh2 Qf2+ 63. Kh1 Qf1+ 64. Kh2 Qe2+ 65. Kg1 Qe1+ 66. Kg2 Qe2+ 67. Kg1 Qe1+ 68. Kg2 Qe2+ 69. Kg1 $11) ({White should try} 58. b3 $1 $16) 58... Bxg3 $11 59. Nxg3 Nd7 60. Qe8+ Kh7 61. Qe4+ Kh8 62. Qe8+ Ng8 63. h5 Ndf6 64. Qe5 Nd7 65. Qe6 (65. Qxg7+ Kxg7 66. Kf3 Ngf6 67. Kf4) 65... Ngf6 66. Kf1 Qg8 67. Qe2 (67. Qxg8+ {simplifies} Kxg8 68. Ke2 Ne5 69. b3) 67... Qg4 (67... Qg5 $1 $15) 68. Qc2 $2 (68. Qxg4 $11 Nxg4 69. Ke2) 68... Nxh5 $19 69. Nf5 $2 (69. Ne2) 69... Nf4 $19 70. Ne3 Qh3+ (70... Qf3 $142 71. Kg1 Qh3) 71. Kg1 $2 (71. Ke1 $19) 71... Ne5 72. Qd1 Nf3+ 0-1

[Event "35th Staufer-Open-A 2025"]
[Site "Schwaebisch Gmuend"]
[Date "2025.01.05"]
[Round "7.19"]
[White "Klaska, Philipp Leon"]
[Black "Rindhiya V"]
[Result "1/2-1/2"]
[ECO "C90"]
[WhiteElo "2264"]
[BlackElo "1999"]
[Annotator "TA"]
[PlyCount "61"]
[EventDate "2024.11.24"]
[EventType "swiss"]
[EventCountry "GER"]
[SourceTitle "playchess.com"]
[Source "ChessBase"]
[SourceQuality "1"]
[TimeControl "40/6000+30:1200+30"]

1. e4 e5 2. Nf3 Nc6 3. Bb5 a6 4. Ba4 Nf6 5. O-O Be7 6. Re1 b5 7. Bb3 d6 8. a4 Bd7 9. c3 Na5 10. Bc2 c5 11. d4 Nc6 12. h3 O-O 13. Bg5 Qc7 14. dxc5 dxc5 15. Nbd2 h6 16. Be3 Be6 17. Nh4 c4 ({Black should play} 17... Rfd8 $11) 18. Qf3 (18. Nf5 $14) 18... Na5 (18... Ng4 $1 $11 19. Nf5 Nxe3 20. Nxe3 Rfd8) 19. Nf5 $14 Bxf5 (19... Kh8 $14) 20. exf5 b4 21. cxb4 {[%emt 0:10:19] White is more active.} Bxb4 22. Red1 (22. Ne4 $5 Qc6 23. Nxf6+ Qxf6 24. Red1 $14) 22... Rab8 23. Ne4 Be7 24. Rab1 (24. Qg3 {seems wilder.} Kh7 25. Qh4 Nxe4 26. f6) 24... Nb3 25. Qg3 Kh8 26. Qh4 Nxe4 $1 27. Qxe4 Bf6 28. Bxb3 Rxb3 29. Rbc1 Rc8 $1 30. Rd5 {[%emt 0:01:34] and Rc5 would now be decisive} Qc6 $1 31. Rc2 $1 1/2-1/2